PCL
LAS VEGAS STARS @ CALGARY COWBOYS
09/10/2030
 
TOP OF THE 1ST
Las Vegas Stars batting - Pitching for Calgary Cowboys : RHP José Fernández
Pitching: RHP José Fernández
Batting: RHB Guo-xiu Choi 0-0: Foul Ball, location: 2F
0-1: Ball
1-1: Ball
2-1: Foul Ball, location: 2F
2-2: Ground out 6-3 (Groundball, 6)
Batting: RHB Paco Castillo 0-0: Ground out 4-3 (Groundball, 4M)
Batting: RHB William Richardson 0-0: Swinging Strike
0-1: Ball
1-1: Foul Ball, location: 2F
1-2: Ball
2-2: Foul Ball, location: 2F
2-2: Ball
3-2: Foul Ball, location: 2F
3-2: Foul Ball, location: 2F
3-2: Hit by Pitch
Batting: SHB Júlio Salazar 0-0: Fly out, F8 (Flyball, 8LM)
Top of the 1st over - 0 runs, 0 hits, 0 errors, 1 left on base; Las Vegas 0 - Calgary 0
BOTTOM OF THE 1ST
Calgary Cowboys batting - Pitching for Las Vegas Stars : RHP Carl Willis
Pitching: RHP Carl Willis
Batting: RHB César Rodríguez 0-0: Fly out, F8 (Flyball, 8LS)
Batting: RHB Don Hooper 0-0: Called Strike
0-1: Ball
1-1: Fly out, F9 (Flyball, 9LSF)
Batting: LHB José López 0-0: Foul Ball, location: 2F
0-1: Swinging Strike
0-2: Ground out 2-3 (Groundball, 2L)
Bottom of the 1st over - 0 runs, 0 hits, 0 errors, 0 left on base; Las Vegas 0 - Calgary 0
TOP OF THE 2ND
Las Vegas Stars batting - Pitching for Calgary Cowboys : RHP José Fernández
Batting: LHB Clint Parkinson 0-0: Ball
1-0: Called Strike
1-1: Ball
2-1: Foul Ball, location: 2F
2-2: Ball
3-2: Base on Balls
Batting: LHB Phil Smith 0-0: Ball
1-0: Called Strike
1-1: Fly out, F2 (Popup, 2RF)
Batting: RHB Gabriel Miranda 0-0: Ball
1-0: Foul Ball, location: 2F
1-1: Swinging Strike
1-2: Strikes out looking
Batting: RHB Gilberto Silva 0-0: Ball
1-0: Called Strike
1-1: Called Strike
1-2: Ball
2-2: 2-RUN HOME RUN (Flyball, 89XD), Distance : 437 ft
Batting: RHB Fernando Bórquez 0-0: Called Strike
0-1: Swinging Strike
0-2: Ball
1-2: Ball
2-2: Ball
3-2: Strikes out swinging, 2-3 out at first.
Top of the 2nd over - 2 runs, 1 hit, 0 errors, 0 left on base; Las Vegas 2 - Calgary 0
BOTTOM OF THE 2ND
Calgary Cowboys batting - Pitching for Las Vegas Stars : RHP Carl Willis
Batting: RHB Alfredo Hernández 0-0: Ball
1-0: Called Strike
1-1: Ground out 5-3 (Groundball, 56S)
Batting: RHB Luis Ibarra 0-0: Ground out 5-3 (Groundball, 56S)
Batting: RHB Pedro Cabrera 0-0: SOLO HOME RUN (Flyball, 7D), Distance : 380 ft
Batting: RHB Ismael Ortíz 0-0: Ball
1-0: Ball
2-0: Ball
3-0: Called Strike
3-1: SINGLE (Flyball, 6MD)
Batting: RHB Travis Colbert 0-0: Called Strike
0-1: SINGLE (Groundball, 6MS) (infield hit)
Ismael Ortíz to second
Batting: SHB Stan Gómez 0-0: Ball
1-0: Foul Ball, location: 2F
1-1: Ball
2-1: Swinging Strike
2-2: Strikes out looking
Bottom of the 2nd over - 1 run, 3 hits, 0 errors, 2 left on base; Las Vegas 2 - Calgary 1
TOP OF THE 3RD
Las Vegas Stars batting - Pitching for Calgary Cowboys : RHP José Fernández
Batting: RHB Guo-xiu Choi 0-0: Fly out, F7 (Flyball, 7)
Batting: RHB Paco Castillo 0-0: SINGLE (Line Drive, 34D)
Batting: RHB William Richardson 0-0: Called Strike
0-1: Ball
1-1: Swinging Strike
1-2: Strikes out swinging
Batting: SHB Júlio Salazar 0-0: Foul Ball, location: 2F
0-1: Swinging Strike
0-2: Strikes out swinging
Top of the 3rd over - 0 runs, 1 hit, 0 errors, 1 left on base; Las Vegas 2 - Calgary 1
BOTTOM OF THE 3RD
Calgary Cowboys batting - Pitching for Las Vegas Stars : RHP Carl Willis
Batting: RHB César Rodríguez 0-0: Ball
1-0: Ball
2-0: Ball
3-0: Base on Balls
Batting: RHB Don Hooper 0-0: Called Strike
César Rodríguez steals 2nd base
0-1: Swinging Strike
0-2: Ground out 6-3 (Groundball, 6)
Batting: LHB José López 0-0: Ball
1-0: Ball
2-0: Ball
3-0: Base on Balls
Batting: RHB Alfredo Hernández 0-0: Called Strike
0-1: Ball
1-1: Ball
2-1: Fly out, F4 (Popup, 4D)
Batting: RHB Luis Ibarra 0-0: Called Strike
0-1: Fly out, F7 (Line Drive, 78D)
Bottom of the 3rd over - 0 runs, 0 hits, 0 errors, 2 left on base; Las Vegas 2 - Calgary 1
TOP OF THE 4TH
Las Vegas Stars batting - Pitching for Calgary Cowboys : RHP José Fernández
Batting: LHB Clint Parkinson 0-0: Foul Ball, location: 2F
0-1: Ball
1-1: Ball
2-1: Ball
3-1: Base on Balls
Batting: LHB Phil Smith 0-0: Called Strike
0-1: Foul Ball, location: 2F
0-2: Foul Ball, location: 2F
0-2: Strikes out swinging
Batting: RHB Gabriel Miranda 0-0: Foul Ball, location: 2F
0-1: Grounds into double play, 1-6-3 (Groundball, 13)
Top of the 4th over - 0 runs, 0 hits, 0 errors, 0 left on base; Las Vegas 2 - Calgary 1
BOTTOM OF THE 4TH
Calgary Cowboys batting - Pitching for Las Vegas Stars : RHP Carl Willis
Batting: RHB Pedro Cabrera 0-0: Ball
1-0: Ball
2-0: Ball
3-0: Base on Balls
Batting: RHB Ismael Ortíz 0-0: Fly out, F7 (Flyball, 78S)
Batting: RHB Travis Colbert 0-0: Called Strike
0-1: SINGLE (Line Drive, 8LS)
Pedro Cabrera to second
Batting: SHB Stan Gómez 0-0: Called Strike
0-1: Swinging Strike
0-2: Ball
1-2: Foul Ball, location: 2F
1-2: TRIPLE (Flyball, 8RXD)
Pedro Cabrera scores
Travis Colbert scores
Batting: RHB César Rodríguez 0-0: Called Strike
0-1: Fly out, F9 (Line Drive, 89S)
Runner from 3rd tags up, SCORES, no throw
Batting: RHB Don Hooper 0-0: Ball
1-0: Ball
2-0: Ball
3-0: Base on Balls
Batting: LHB José López 0-0: Ball
1-0: Swinging Strike
1-1: Foul Ball, location: 2F
1-2: Ball
2-2: Strikes out looking
Bottom of the 4th over - 3 runs, 2 hits, 0 errors, 1 left on base; Las Vegas 2 - Calgary 4
TOP OF THE 5TH
Las Vegas Stars batting - Pitching for Calgary Cowboys : RHP José Fernández
Batting: RHB Gilberto Silva 0-0: Ball
1-0: Swinging Strike
1-1: Ground out 6-3 (Groundball, 6MS)
Batting: RHB Fernando Bórquez 0-0: Foul Ball, location: 2F
0-1: Ball
1-1: Foul Ball, location: 2F
1-2: Foul Ball, location: 2F
1-2: Fly out, F8 (Flyball, 8RM)
Batting: RHB Guo-xiu Choi 0-0: Called Strike
0-1: Foul Ball, location: 2F
0-2: Foul Ball, location: 2F
0-2: Ball
1-2: Ball
2-2: Foul Ball, location: 2F
2-2: Ball
3-2: Fly out, F8 (Flyball, 8RS)
Top of the 5th over - 0 runs, 0 hits, 0 errors, 0 left on base; Las Vegas 2 - Calgary 4
BOTTOM OF THE 5TH
Calgary Cowboys batting - Pitching for Las Vegas Stars : RHP Carl Willis
Batting: RHB Alfredo Hernández 0-0: Called Strike
0-1: Foul Ball, location: 2F
0-2: Hit by Pitch
Batting: RHB Luis Ibarra 0-0: Ball
1-0: Swinging Strike
1-1: Foul Ball, location: 2F
1-2: Ground out 4-3 (Groundball, 34)
Alfredo Hernández to second
Batting: RHB Pedro Cabrera 0-0: Ball
1-0: Swinging Strike
1-1: Called Strike
1-2: Ball
2-2: Ball
3-2: Base on Balls
Batting: RHB Ismael Ortíz 0-0: Called Strike
0-1: Called Strike
0-2: Ball
1-2: Foul Ball, location: 2F
1-2: Strikes out swinging
Batting: RHB Travis Colbert 0-0: Called Strike
0-1: Called Strike
0-2: Ball
1-2: Foul Ball, location: 2F
1-2: Strikes out swinging
Bottom of the 5th over - 0 runs, 0 hits, 0 errors, 2 left on base; Las Vegas 2 - Calgary 4
TOP OF THE 6TH
Las Vegas Stars batting - Pitching for Calgary Cowboys : RHP José Fernández
Batting: RHB Paco Castillo 0-0: Foul Ball, location: 2F
0-1: Foul Ball, location: 2F
0-2: Fly out, F7 (Flyball, 78S)
Batting: RHB William Richardson 0-0: Ball
1-0: Swinging Strike
1-1: Foul Ball, location: 2F
1-2: Ground out 4-3 (Groundball, 4)
Batting: SHB Júlio Salazar 0-0: Ground out U3 (Groundball, 34)
Top of the 6th over - 0 runs, 0 hits, 0 errors, 0 left on base; Las Vegas 2 - Calgary 4
BOTTOM OF THE 6TH
Calgary Cowboys batting - Pitching for Las Vegas Stars : RHP Carl Willis
Batting: SHB Stan Gómez 0-0: Ball
1-0: Called Strike
1-1: SINGLE (Groundball, 6D)
Batting: RHB César Rodríguez 0-0: Ball
1-0: Grounds into double play, 6-4-3 (Groundball, 6M)
Batting: RHB Don Hooper 0-0: Called Strike
0-1: Ball
1-1: Foul Ball, location: 2F
1-2: Ground out 5-3 (Groundball, 5)
Bottom of the 6th over - 0 runs, 1 hit, 0 errors, 0 left on base; Las Vegas 2 - Calgary 4
TOP OF THE 7TH
Las Vegas Stars batting - Pitching for Calgary Cowboys : RHP José Fernández
Batting: LHB Clint Parkinson 0-0: Ball
1-0: Foul Ball, location: 2F
1-1: Swinging Strike
1-2: Foul Ball, location: 2F
1-2: Fly out, F8 (Flyball, 8LD)
Batting: LHB Phil Smith 0-0: Swinging Strike
0-1: Swinging Strike
0-2: Ball
1-2: Fly out, F4 (Popup, 4M)
Batting: RHB Gabriel Miranda 0-0: Ball
1-0: Fly out, F8 (Line Drive, 8RS)
Top of the 7th over - 0 runs, 0 hits, 0 errors, 0 left on base; Las Vegas 2 - Calgary 4
BOTTOM OF THE 7TH
Calgary Cowboys batting - Pitching for Las Vegas Stars : RHP Carl Willis
Pitching: LHP Gian-Andrea Nota
Batting: LHB José López 0-0: Swinging Strike
0-1: Called Strike
0-2: Ball
1-2: Strikes out swinging
Batting: RHB Alfredo Hernández 0-0: Ground out 6-3 (Groundball, 6)
Batting: RHB Luis Ibarra 0-0: Ball
1-0: Ball
2-0: Ball
3-0: Called Strike
3-1: SINGLE (Groundball, 3D)
Batting: RHB Pedro Cabrera 0-0: Called Strike
0-1: Ball
1-1: Swinging Strike
1-2: Strikes out swinging
Bottom of the 7th over - 0 runs, 1 hit, 0 errors, 1 left on base; Las Vegas 2 - Calgary 4
TOP OF THE 8TH
Las Vegas Stars batting - Pitching for Calgary Cowboys : RHP José Fernández
Pitching: RHP José Ramos
Batting: RHB Gilberto Silva 0-0: Called Strike
0-1: Foul Ball, location: 2F
0-2: Strikes out swinging
Batting: RHB Fernando Bórquez 0-0: Ball
1-0: Ball
2-0: Called Strike
2-1: Foul Ball, location: 2F
2-2: Ball
3-2: Ground out U3 (Groundball, 3L)
Batting: RHB Guo-xiu Choi 0-0: Ball
1-0: Swinging Strike
1-1: Foul Ball, location: 2F
1-2: Foul Ball, location: 2F
1-2: Ball
2-2: Ball
3-2: Base on Balls
Batting: RHB Paco Castillo 0-0: Ball
1-0: Fielders Choice at 2nd, 5-4 (Groundball, 56)
Top of the 8th over - 0 runs, 0 hits, 0 errors, 1 left on base; Las Vegas 2 - Calgary 4
BOTTOM OF THE 8TH
Calgary Cowboys batting - Pitching for Las Vegas Stars : LHP Gian-Andrea Nota
Batting: RHB Ismael Ortíz 0-0: Swinging Strike
0-1: Fly out, F3 (Popup, 34S)
Batting: RHB Travis Colbert 0-0: Ball
1-0: Ball
2-0: Foul Ball, location: 2F
2-1: Ball
3-1: Called Strike
3-2: Strikes out swinging wild pitch, reaches first!
Batting: SHB Stan Gómez 0-0: DOUBLE (Line Drive, 78D)
Travis Colbert to third
Runner from 3rd tries for Home, throw and OUT!
Stan Gómez to third
Batting: RHB César Rodríguez 0-0: Ball
1-0: Called Strike
1-1: Reached on error, E6 (Groundball, 6)
Stan Gómez scores
Batting: RHB Don Hooper 0-0: Ball
1-0: Called Strike
1-1: Foul Ball, location: 2F
1-2: Fly out, F3 (Popup, 3L)
Bottom of the 8th over - 1 run, 1 hit, 1 error, 1 left on base; Las Vegas 2 - Calgary 5
TOP OF THE 9TH
Las Vegas Stars batting - Pitching for Calgary Cowboys : RHP José Ramos
Pitching: RHP Esteban Castro
Batting: RHB William Richardson 0-0: Called Strike
0-1: Ball
1-1: Foul Ball, location: 2F
1-2: Foul Ball, location: 2F
1-2: Ball
2-2: Ball
3-2: DOUBLE (Line Drive, 8LD)
Batting: SHB Júlio Salazar 0-0: Ground out U3 (Groundball, 3)
William Richardson to third
Batting: LHB Clint Parkinson 0-0: Foul Ball, location: 2F
0-1: Ball
1-1: SINGLE (Line Drive, 4D)
William Richardson scores
Batting: LHB Phil Smith 0-0: Called Strike
0-1: Swinging Strike
0-2: Fly out, F4 (Popup, 4)
Batting: RHB Gabriel Miranda 0-0: Called Strike
0-1: Ball
1-1: Ball
2-1: Ball
3-1: SINGLE (Line Drive, 8RS)
Clint Parkinson to second
Batting: RHB Gilberto Silva 0-0: Swinging Strike
0-1: Swinging Strike
0-2: SINGLE (Groundball, 34D)
Clint Parkinson to third
Gabriel Miranda to second
Pinch Hitting: RHB Tomás Díaz 0-0: Ball
1-0: Ball
2-0: Ball
3-0: Called Strike
3-1: Base on Balls
Clint Parkinson scores
Gabriel Miranda to third
Gilberto Silva to second
Batting: RHB Guo-xiu Choi 0-0: Called Strike
0-1: Foul Ball, location: 2F
0-2: Foul Ball, location: 2F
0-2: Ball
1-2: Ball
2-2: TRIPLE (Line Drive, 7LD)
Gabriel Miranda scores
Gilberto Silva scores
Tomás Díaz scores
Pitching: LHP Alfredo Durán
Batting: RHB Paco Castillo 0-0: Foul Ball, location: 2F
0-1: 2-RUN HOME RUN (Line Drive, 78XD), Distance : 433 ft
Batting: RHB William Richardson 0-0: Ball
1-0: Called Strike
1-1: Ball
2-1: Called Strike
2-2: Ball
3-2: Base on Balls
Batting: SHB Júlio Salazar 0-0: Called Strike
0-1: Ball
1-1: Swinging Strike
1-2: Ball
2-2: Ball
3-2: Foul Ball, location: 2F
3-2: Base on Balls
William Richardson to second
Batting: LHB Clint Parkinson 0-0: Ball
1-0: Foul Ball, location: 2F
1-1: Ground out 4-3 (Groundball, 4)
Top of the 9th over - 7 runs, 6 hits, 0 errors, 2 left on base; Las Vegas 9 - Calgary 5
BOTTOM OF THE 9TH
Calgary Cowboys batting - Pitching for Las Vegas Stars : LHP Gian-Andrea Nota
Now at SS: Tomás Díaz
Batting: LHB José López 0-0: Foul Ball, location: 2F
0-1: Foul Ball, location: 2F
0-2: Ground out 3-1 (Groundball, 34)
Batting: RHB Alfredo Hernández 0-0: Ball
1-0: Swinging Strike
1-1: Ball
2-1: Called Strike
2-2: Ball
3-2: Strikes out swinging
Batting: RHB Luis Ibarra 0-0: Called Strike
0-1: Ball
1-1: Called Strike
1-2: SOLO HOME RUN (Flyball, 7LD), Distance : 393 ft
Batting: RHB Pedro Cabrera 0-0: Ball
1-0: Swinging Strike
1-1: Ball
2-1: Swinging Strike
2-2: Foul Ball, location: 2F
2-2: Fly out, F8 (Flyball, 8LD)
Bottom of the 9th over - 1 run, 1 hit, 0 errors, 0 left on base; Las Vegas 9 - Calgary 6
Saturday, April 7th, 2018 - OOTP Baseball 18.8 Build 76